 Dungeon Crawl Stone Soup version 0.26.1-2-gb8aa6d0cf2 (webtiles) character file.

Game seed: 17640929496476224091

739 promet the Ruffian (level 7, 0/66 HPs)
             Began as a Troll Monk on Feb 18, 2021.
             Slain by Pikel
             ... wielding a +1 whip of flaming
              (11 damage)
             ... on level 3 of the Dungeon.
             The game lasted 00:16:01 (3425 turns).

promet the Ruffian (Troll Monk)                     Turns: 3425, Time: 00:16:02

Health: 0/66       AC:  8    Str: 20 (21) XL:     7   Next: 46%
Magic:  6/6        EV:  6    Int:  5 (7)  God:
Gold:   158        SH: 13    Dex:  9 (12) Spells: 6/6 levels left

rFire    . . .     SeeInvis .     - Unarmed
rCold    + . .     Faith    .   m - +1 tower shield
rNeg     . . .     Spirit   .   a - +2 robe {rC+}
rPois    .         Reflect  .   (helmet restricted)
rElec    .         Harm     .   (no cloak)
rCorr    .         Rampage  .   (gloves unavailable)
Will     .....                  (boots unavailable)
Stlth    ++........             (no amulet)
HPRegen  0.61/turn              (no ring)
MPRegen  0.10/turn              (no ring)

@: no status effects
A: large, unfitting armour, claws 3, regeneration 1, shaggy fur 1, tough skin 3
a: no special abilities


You were on level 3 of the Dungeon.
You visited 1 branch of the dungeon, and saw 4 of its levels.

You collected 158 gold pieces.

Inventory:

Hand Weapons
 e - a +0 whip of electrocution
 i - a cursed +0 spear
Missiles
 b - 27 sling bullets
 c - 137 stones
 f - 45 arrows
 j - 12 bolts
 s - 5 boomerangs
 t - 18 poisoned darts (quivered)
Armour
 a - a +2 robe of cold resistance (worn)
 m - a +1 tower shield (worn)
Jewellery
 l - a +4 ring of evasion {unknown}
 r - an uncursed ring of see invisible {unknown}
 u - a +4 ring of protection {unknown}
Scrolls
 k - 2 scrolls of identify
 n - a scroll of amnesia
 p - a scroll of enchant armour
Potions
 d - a potion of resistance
 g - a potion of heal wounds
 h - a potion of invisibility
 o - a potion of degeneration
 q - a potion of curing


   Skills:
 + Level 2.8 Fighting
 + Level 3.7 Dodging
 + Level 1.9 Stealth
 + Level 1.6 Shields
 * Level 7.0 Unarmed Combat


You had 6 spell levels left.
You didn't know any spells.
Your spell library was empty.

Dungeon Overview and Level Annotations

Branches:
Dungeon (4/15)
 Temple: D:4-7

Altars:
Elyvilon
Zin
The Shining One

Annotations:
D:3 3 runed translucent doors, Gadfly's ghost, amateur GrFi; Pikel
D:4 3 runed translucent doors, Gadfly's ghost, amateur DsMo


Innate Abilities, Weirdness & Mutations

You are too large for most types of armour.
You have claws for hands.
Your natural rate of healing is unusually fast.
You are covered in fur. (AC +1)
You have extremely tough skin. (AC +3)


Message History

* * * LOW HITPOINT WARNING * * *
There is an open door here.
Items here: )) [ †.
Things that are here:
a cursed -2 trident; an orc corpse
Things that are here:
a +0 dagger; a +0 robe; an orc corpse The orc priest calls down the wrath of Beogh upon you.
Beogh smites you!
* * * LOW HITPOINT WARNING * * *
You see here a hunting sling.
There is a stone staircase leading up here.
You block Pikel's attack.
You climb upwards.
Level annotation: 3 runed translucent doors, Gadfly's ghost, amateur GrFi
There is a stone staircase leading down here.
You scratch Pikel.
Pikel is moderately wounded.
Pikel hits you with a +1 whip of flaming!
You die...

.# #.# #.# #..>... .#
#.# #.# #.###.. .# #.#
#.# #.# #.. .# #.# #†#
#.# #.# .## #.# #.# #.#
#.# ..## #########.#
#.# #.# #.#
.#.###.....[...######.#
#.# #.#
.......#########K.....#
#.# #.# .#.#####
#@###### ###.# #)# ..##
#.# ##...###.# .## #.#
#.....##.. ## #.#
####.....#### #.#
#............
#.####.###...####.
#.....†..†)...###.
#.####.###........ #.#
#.# ##....###


You could see Pikel.

Vanquished Creatures
  A sky beast (D:3)
  2 ogres (D:4)
  A scorpion (D:4)
  A gnoll shaman (D:4)
  An orc priest (D:4)
  An orc wizard (D:4)
  Terence (D:2)
  Jessica (D:3)
  Natasha (thrice) (D:2)
  An iguana (D:4)
  2 worker ants (D:4)
  4 adders
  3 gnolls (D:4)
  An ooze (D:3)
  3 dart slugs
  2 leopard geckos
  10 orcs
  2 ball pythons
  5 giant cockroaches
  5 goblins
  10 hobgoblins
  2 jackals (D:4)
  2 quokkas
  4 bats
  3 frilled lizards (D:1)
  8 kobolds
  A leopard gecko skeleton (D:3)
  4 rats
84 creatures vanquished.

Notes
Turn   | Place    | Note
-------+----------+-------------------------------------------
     0 | D:1      | promet the Troll Monk began the quest for the Orb.
     0 | D:1      | Reached XP level 1. HP: 22/22 MP: 0/0
    95 | D:1      | Reached XP level 2. HP: 29/29 MP: 1/1
   566 | D:1      | Reached XP level 3. HP: 36/36 MP: 2/2
   769 | D:2      | Noticed Natasha
   784 | D:2      | Killed Natasha
   785 | D:2      | Reached skill level 4 in Unarmed Combat
   976 | D:2      | Noticed Terence
   988 | D:2      | Killed Terence
   989 | D:2      | Reached XP level 4. HP: 41/44 MP: 3/3
  1140 | D:2      | Noticed Natasha
  1145 | D:2      | Killed Natasha
  1190 | D:2      | Noticed Natasha
  1197 | D:2      | Killed Natasha
  1198 | D:2      | Reached XP level 5. HP: 50/50 MP: 4/4
  1821 | D:3      | Reached skill level 5 in Unarmed Combat
  2190 | D:3      | Found a white marble altar of Elyvilon.
  2194 | D:3      | Found a glowing silver altar of Zin.
  2196 | D:3      | Found a glowing golden altar of the Shining One.
  2241 | D:3      | Noticed a sky beast
  2262 | D:3      | Killed a sky beast
  2274 | D:3      | Reached XP level 6. HP: 58/59 MP: 5/5
  2373 | D:3      | Found a runed translucent gate.
  2373 | D:3      | Found a runed translucent gate.
  2374 | D:3      | Found a runed translucent gate.
  2374 | D:3      | Noticed Gadfly's ghost (amateur GrFi)
  2461 | D:3      | Noticed Jessica
  2466 | D:3      | Killed Jessica
  2768 | D:4      | Reached skill level 6 in Unarmed Combat
  2894 | D:4      | Reached skill level 1 in Shields
  2960 | D:4      | Found a runed translucent gate.
  2960 | D:4      | Identified the +3 chain mail of Dogma {Str+2}
  2971 | D:4      | Noticed Gadfly's ghost (amateur DsMo)
  2972 | D:4      | Found a runed translucent gate.
  2973 | D:4      | Found a runed translucent gate.
  2974 | D:4      | Noticed an orc warrior
  2986 | D:4      | Reached XP level 7. HP: 66/66 MP: 6/6
  3238 | D:4      | Reached skill level 7 in Unarmed Combat
  3384 | D:4      | Noticed Pikel
  3425 | D:3      | Slain by Pikel

Illustrated notes

Levels and vault maps discovered:
D:1:      mrwooster_arrival_statue_2, layout_basic
D:2:      layout_basic, serial_bayou_lake_a, uniq_natasha, uniq_terence
D:3:      layout_loops_ring, good_gods_temple_1, ebering_ghost_rock_garden,
          uniq_jessica
D:4:      layout_gridville, biasface_ghost_orc_armoury, uniq_pikel

Skill      XL: |  1  2  3  4  5  6  7 |
---------------+----------------------+-----
Unarmed Combat | 4 5 6 7 |  7.0
Dodging        | 3 |  3.7
Shields        | 1 |  1.6
Fighting       | |  2.8
Stealth        | |  1.9

Action                   |  1- 3 |  4- 6 |  7- 9 || total
-------------------------+-------+-------+-------++-------
Melee: Unarmed           |    71 |   127 |    41 ||   239
Throw: Dart              |       |       |     3 ||     3
  Use: Scroll            |     2 |     3 |       ||     5
       Potion            |     2 |     5 |       ||     7
 Stab: Invisible         |     3 |       |       ||     3
       Sleeping          |     1 |     6 |       ||     7
Armor: Robe              |    24 |    37 |     6 ||    67
Dodge: Dodged            |    55 |    20 |     3 ||    78
Block: Tower shield      |       |    69 |    37 ||   106
